cohdb
Replays
Latest Replays
All Replays
Popular Replays
Top Player Replays
Match Explorer
How It Works
Community
CoH3 Stats
Reddit
Sign in to upload your games and track your stats! →
Sign in with Steam
Match 42072217
Unlisted
Match 42072217
Overview
Messages
Build Orders
End
Construct Infanterie Kompanie
Selects Mechanized Battlegroup
MG 42 Machine Gun Team
MG 42 Machine Gun Team
MG 42 Machine Gun Team
Grenadier Squad
Grenadier Squad
Construct Luftwaffe Kompanie
221 Scout Car
221 Scout Car
Selects Mobile Repair Stations
Selects Wespe Self-propelled Artillery
Wespe Self-propelled Artillery
Jäger Squad
Wespe Self-propelled Artillery
Jäger Squad
MG 42 Bunker
Construct Panzer Kompanie
Selects Raid Package
Selects StuG Assault Group
Jäger Squad
Panzer IV Medium Tank
Selects UNKNOWN (2160084)
Panther Heavy Tank
Jäger Squad
Panther Heavy Tank
MG 42 Bunker
Selects Zeroing Artillery Barrage
Pioneer Squad
Zeroing Artillery Barrage
OVER_L0rd
XandersXIV
SuurSaadik
General Rommel
STALKER4732
ezh
kit.ohume
Devochkin
0
0
Comments
sign in to comment!
No comments posted yet!